 Dungeon Crawl Stone Soup version 0.19.4-9-g45fd643 (webtiles) character file.

125 Jynx the Conjurer (level 4, -3/24 HPs)
             Began as a Deep Elf Conjurer on Feb 20, 2017.
             Slain by an orc
             ... wielding a +0 flail
              (9 damage)
             ... on level 3 of the Dungeon.
             The game lasted 00:03:16 (2076 turns).

Jynx the Conjurer (Deep Elf Conjurer)               Turns: 2076, Time: 00:03:17

Health: -3/24      AC:  2    Str:  5    XL:     4   Next: 82%
Magic:  6/12       EV: 15    Int: 21    God:
Gold:   76         SH:  0    Dex: 15    Spells: 1 memorised, 11 levels left

rFire  . . .     SeeInvis .     (no weapon)
rCold  . . .     Gourm    +     a - +0 robe
rNeg   . . .     Faith    .     (no shield)
rPois  .         Spirit   .     (no helmet)
rElec  .         Reflect  .     (no cloak)
rCorr  .         Harm     .     (no gloves)
MR     .....                    (no boots)
Stlth  ++........               g - amulet of the gourmand
                                (no ring)
                                f - +2 ring of evasion

@: no status effects
A: no striking features
a: no special abilities


You were on level 3 of the Dungeon.
You were completely stuffed.

You visited 1 branch of the dungeon, and saw 3 of its levels.

You collected 76 gold pieces.

Inventory:

Armour
 a - a +0 robe (worn)
Jewellery
 f - a +2 ring of evasion (left hand)
 g - an amulet of the gourmand (around neck)
Scrolls
 e - 3 scrolls of identify
 l - a scroll of enchant weapon
 p - a scroll of noise
Potions
 d - a potion of curing
 i - 2 potions of heal wounds
 o - a potion of lignification
Books
 b - a book of Conjurations

   Spells                             Type                      Level
   a - Magic Dart                     Conjuration                  1
   b - Searing Ray                    Conjuration                  2
   c - Dazzling Spray                 Conjuration/Hexes            3
   d - Fulminant Prism                Conjuration/Hexes            4
   e - Iskenderun's Mystic Blast      Conjuration                  4
   f - Iskenderun's Battlesphere      Conjuration/Charms           5
Comestibles
 c - 3 bread rations
 j - 5 fruits
 k - a meat ration
 n - a royal jelly


   Skills:
 - Level 2.4 Dodging
 - Level 2.4 Stealth
 + Level 4.8 Spellcasting
 * Level 6.0 Conjurations


You had 11 spell levels left.
You knew the following spells:

 Your Spells              Type           Power        Failure   Level  Hunger
a - Magic Dart            Conj           ####         1%          1    None


Dungeon Overview and Level Annotations

Branches:
Dungeon (3/15)

Altars:
Ru

Annotations:
D:3 Ijyb


Message History

Aiming: Magic Dart
Press: ? - help, Shift-Dir - straight line, f/p - orc
Aim: an orc, wearing a chain mail The magic dart hits the orc.
The orc hits you with a flail! The orc hits you.
The kobold hits you with a whip of flaming.
* * * LOW HITPOINT WARNING * * *
The kobold burns you.
* * * LOW HITPOINT WARNING * * *
Casting: Magic Dart
Confirm with . or Enter, or press ? or * to list all spells.
Aiming: Magic Dart
Press: ? - help, Shift-Dir - straight line, f/p - orc
Aim: an orc, wearing a chain mail The magic dart hits the orc.
The orc barely misses you. The orc closely misses you.
The orc wizard mumbles some strange words.
The orc wizard blinks!
The kobold completely misses you.
Unknown command.
The orc closely misses you. The orc hits you with a flail!
You die...

... ... #
#..
#.###..
#......
#..ยง..o
#.....o##
#..go@#
#.##K##
#b ##


You could see Ijyb, an orc wizard, 2 orcs, a bat and a kobold.

Vanquished Creatures
  6 adders (D:2)
  An ooze (D:1)
  A dart slug (D:2)
  2 worms (D:2)
  A leopard gecko (D:1)
  2 orcs (D:2)
  A giant cockroach (D:1)
  5 goblins
  5 hobgoblins
  10 jackals
  3 ball pythons (D:1)
  9 bats
  4 frilled lizards
  4 kobolds
  3 rats (D:2)
57 creatures vanquished.

Notes
Turn   | Place    | Note
-------+----------+-------------------------------------------
     0 | D:1      | Jynx the Deep Elf Conjurer began the quest for the Orb.
     0 | D:1      | Reached XP level 1. HP: 10/10 MP: 6/6
   278 | D:1      | Reached XP level 2. HP: 15/15 MP: 5/8
   506 | D:1      | Reached skill level 5 in Conjurations
   573 | D:1      | Reached XP level 3. HP: 19/19 MP: 8/10
  1535 | D:2      | Reached XP level 4. HP: 24/24 MP: 10/12
  1687 | D:2      | Found a sacrificial altar of Ru.
  1933 | D:2      | Reached skill level 6 in Conjurations
  2071 | D:3      | Noticed Ijyb
  2076 | D:3      | Slain by an orc

Skill      XL: |  1  2  3  4 |
---------------+-------------+-----
Conjurations   | 5 6 |  6.0
Spellcasting   | 4 |  4.8
Dodging        | |  2.4
Stealth        | |  2.4

Action                   |  1- 3 |  4- 6 || total
-------------------------+-------+-------++-------
Melee: Unarmed           |    10 |       ||    10
 Cast: Magic Dart        |    89 |    41 ||   130
  Use: Scroll            |       |     6 ||     6
  Eat: Chunk             |    16 |     1 ||    17
Armor: Robe              |       |     1 ||     1
Dodge: Dodged            |    10 |    21 ||    31
